 Dungeon Crawl Stone Soup version 0.25-a0-435-g4b9beb1024 (webtiles) character file.

Game seed: 9552616530473810055, levelgen mode: deterministic

38 Elellon the Conjurer (level 3, -5/19 HPs)
             Began as a Deep Elf Conjurer on Jan 29, 2020.
             Slain by an orc priest
             ... wielding a +0 hand axe
              (8 damage)
             ... on level 1 of the Dungeon.
             The game lasted 00:01:40 (1453 turns).

Elellon the Conjurer (Deep Elf Conjurer)            Turns: 1453, Time: 00:01:40

Health: -5/19      AC:  2    Str:  6    XL:     3   Next: 25%
Magic:  0/10       EV: 13    Int: 19    God:
Gold:   136        SH:  0    Dex: 15    Spells: 9/10 levels left

rFire    . . .     SeeInvis .   (no weapon)
rCold    . . .     Gourm    .   (no shield)
rNeg     . . .     Faith    .   a - +0 robe
rPois    .         Spirit   .   (no helmet)
rElec    .         Reflect  .   (no cloak)
rCorr    .         Harm     .   (no gloves)
MR       .....                  (no boots)
Stlth    ++........             (no amulet)
HPRegen  0.06/turn              (no ring)
MPRegen  0.12/turn              (no ring)

@: no status effects
A: no striking features
a: no special abilities


You were on level 1 of the Dungeon.
You were hungry.

You visited 1 branch of the dungeon, and saw 2 of its levels.

You collected 136 gold pieces.

Inventory:

Missiles
 b - 55 stones (quivered)
Armour
 a - a +0 robe (worn)
Scrolls
 d - a scroll of fear {unknown}
 e - 5 scrolls of identify {unknown}
 g - 2 scrolls of immolation {unknown}
 h - a scroll of blinking {unknown}
 j - 2 scrolls of teleportation {unknown}
 k - 2 scrolls of enchant armour {unknown}
Potions
 f - a potion of mutation {unknown}
 i - 2 potions of berserk rage {unknown}
 l - a potion of degeneration {unknown}
Comestibles
 c - 3 rations


   Skills:
 - Level 2.4 Dodging
 - Level 2.4 Stealth
 + Level 4.2 Spellcasting
 + Level 5.0 Conjurations


You had 9 spell levels left.
You knew the following spells:

 Your Spells              Type           Power        Failure   Level  Hunger
a - Magic Dart            Conj           ###.         1%          1    None

Your spell library contained the following spells:

 Spells                   Type           Power        Failure   Level  Hunger
 Searing Ray              Conj           ###...       2%          2    #......
 Dazzling Flash           Conj/Hex       ##....       14%         3    ###....
 Fulminant Prism          Conj/Hex       ##........   43%         4    ####...
 Iskenderun's Mystic Bla  Conj/Tloc      ##......     43%         4    ####...


Dungeon Overview and Level Annotations

Branches:
Dungeon (2/15)

Altars:


Message History

The magic dart hits the orc priest.
The orc priest is heavily wounded.
The orc priest barely misses you.
You hit the orc priest but do no damage.
The orc priest is heavily wounded.
The orc priest barely misses you.
You barely miss the orc priest.
The orc priest is heavily wounded.
The orc priest hits you with a +0 hand axe.
You hit the orc priest but do no damage.
The orc priest is heavily wounded.
The orc priest barely misses you.
You completely miss the orc priest.
The orc priest is heavily wounded.
The orc priest hits you with a +0 hand axe.
* * * LOW HITPOINT WARNING * * *
You barely miss the orc priest.
The orc priest is heavily wounded.
The orc priest hits you with a +0 hand axe!
You die...

# #....#### ###'#######...# #..
###....##.# #........#..####..
##..##....# #........#..##...†
##>#####..# #........#...#....
#..# #..# #........#.#.#.... #)##
#..# #.......(..#.#.... #.# #..#
#[................ ..#### #..#
#o........##..#... .###.###..###
#@........##..#... .#....##....#
#.........##..#... #..##..###..#
######....##.....>
..####.###..##########...........
######...#...........#...........
..............................#..
########.#.###########........#..
## #...# ####..[.[#.# .# ##..##
#....####.#


You could see an orc priest.

Vanquished Creatures
  An adder (D:2)
  2 orcs (D:2)
  A goblin (D:1)
  4 hobgoblins
  4 jackals (D:2)
  5 kobolds
  4 bats
  2 frilled lizards
  A rat (D:1)
24 creatures vanquished.

Notes
Turn   | Place    | Note
-------+----------+-------------------------------------------
     0 | D:1      | Elellon the Deep Elf Conjurer began the quest for the Orb.
     0 | D:1      | Reached XP level 1. HP: 10/10 MP: 6/6
   387 | D:1      | Reached XP level 2. HP: 15/15 MP: 3/8
  1066 | D:2      | Reached skill level 5 in Conjurations
  1066 | D:2      | Reached XP level 3. HP: 19/19 MP: 2/10
  1453 | D:1      | Slain by an orc priest

Levels and vault maps discovered:
D:1:      minmay_arrival_stair_chambers, layout_rooms, due_unseen_surprise
D:2:      cheibrodos_pilgrimage, layout_rooms,
          nicolae_overflow_quartered_altars, first_ration

Skill      XL: |  1  2 |
---------------+-------+-----
Spellcasting   | 4 |  4.2
Conjurations   | 5 |  5.0
Dodging        | |  2.4
Stealth        | |  2.4

Action                   || total
-------------------------++-------
Melee: Unarmed           ||    30
 Cast: Magic Dart        ||    67
  Eat: Chunk             ||     1
Armor: Robe              ||     7
Dodge: Dodged            ||    44

Table legend:
 A = Non-vault XP
 B = Vault XP
 C = Vault XP percentage of total XP
 D = Non-vault monster count
 E = Vault monster count
 F = Vault count percentage of total count
                 A         B        C        D         E       F
            +---------+---------+-------+---------+---------+-------
      Total |      49 |       6 |  10.9 |      22 |       2 |   8.3
            +---------+---------+-------+---------+---------+-------
        D:1 |      18 |       0 |   0.0 |      11 |       0 |   0.0
        D:2 |      31 |       6 |  16.2 |      11 |       2 |  15.4
            +---------+---------+-------+---------+---------+-------
